 Dungeon Crawl Stone Soup version 0.30-a0-737-gf23d94013f (webtiles) character file.

Game seed: 5879554409839749739

433 Leeroy the Slasher (level 7, -1/36 HPs)
             Began as a Vine Stalker Warper on Feb 2, 2023.
             Was an Initiate of Wu Jian.
             Slain by a black bear (2 damage)
             ... on level 5 of the Dungeon.
             The game lasted 00:06:10 (3853 turns).

Leeroy the Slasher (Vine Stalker Warper)            Turns: 3853, Time: 00:06:10

Health: -1/36      AC:  6    Str: 13    XL:     7   Next: 0%
Magic:  0/11       EV: 10    Int: 13    God:    Wu Jian [......]
Gold:   187        SH:  0    Dex: 16    Spells: 5/10 levels left

rFire   . . .      SeeInvis .    n - +4 dagger
rCold   . . .      Faith    .    (no shield)
rNeg    . . .      Spirit   +    w - +1 ring mail {Will+}
rPois   .          Reflect  .    (no helmet)
rElec   .          Harm     .    A - scarf {repulsion}
rCorr   .          Rampage  .    (no gloves)
Will    +....                    (no boots)
Stlth   ++                       (no amulet)
HPRegen 1.06/turn                (no ring)
MPRegen 0.12/turn                (no ring)

@: repel missiles
A: fangs 2, regeneration 1, magic shield, antimagic bite, no potion heal 2
a: Renounce Religion


You were on level 5 of the Dungeon.
You worshipped Wu Jian.
Wu Jian was noncommittal.
You visited 2 branches of the dungeon, and saw 6 of its levels.

You collected 331 gold pieces.
You spent 144 gold pieces at shops.

Inventory:

Hand Weapons
 a - a +0 falchion
 l - a +3 whip
 n - a +4 dagger (weapon)
Missiles
 d - 6 boomerangs of dispersal
 q - 5 poisoned darts (quivered)
 x - 2 boomerangs
Armour
 b - a +0 leather armour
 w - a +1 ring mail of willpower (worn)
 A - a scarf of repulsion (worn)
Wands
 C - a wand of iceblast (10)
Scrolls
 c - 3 scrolls of blinking
 e - 2 scrolls of fear {unknown}
 g - 2 scrolls of vulnerability {unknown}
 k - a scroll of torment {unknown}
 o - 7 scrolls of identify {unknown}
 p - 2 scrolls of fog {unknown}
 s - 3 scrolls of teleportation {unknown}
 t - a scroll of magic mapping {unknown}
 u - a scroll of noise {unknown}
 y - a scroll of silence {unknown}
 z - a scroll of poison {unknown}
 B - a scroll of enchant armour {unknown}
Potions
 f - a potion of heal wounds {unknown}
 h - 2 potions of flight {unknown}
 i - 2 potions of berserk rage {unknown}
 j - 2 potions of degeneration {unknown}
 m - 4 potions of curing
 r - a potion of attraction {unknown}
 v - 2 potions of mutation {unknown}


   Skills:
 - Level 3.2 Fighting
 + Level 5.0 Long Blades
 - Level 0.8 Throwing
 - Level 0.7 Armour
 - Level 1.5 Dodging
 - Level 4.1 Stealth
 - Level 2.2 Spellcasting
 - Level 3.0 Translocations


You had 5 spell levels left.
You knew the following spells:

 Your Spells              Type           Power      Damage    Failure   Level
a - Blink                 Tloc           18%        N/A       24%         2
b - Vhi's Electric Charg  Tloc/Air       10%        N/A       65%         3

Your spell library contained the following spells:

 Spells                   Type           Power      Damage    Failure   Level
 Lesser Beckoning         Tloc           18%        N/A       24%         2
 Teleport Other           Tloc           9%         N/A       43%         3
 Summon Small Mammal      Summ           4%         N/A       47%         1
 Manifold Assault         Tloc           9%         N/A       83%         4
 Call Canine Familiar     Summ           1%         N/A       85%         3
 Summon Guardian Golem    Hex/Summ       1%         N/A       85%         3


Dungeon Overview and Level Annotations

Branches:
Dungeon (5/15)             Temple (1/1) D:4

Altars:
Ashenzari
Cheibriados
Dithmenos
Elyvilon
Fedhas
Gozag
Hepliaklqana
Kikubaaqudgha
Makhleb
Nemelex Xobeh
Okawaru
Ru
Sif Muna
Trog
Uskayaw
Vehumet
Wu Jian
Xom
Zin
The Shining One

Shops:
D:4 **


Innate Abilities, Weirdness & Mutations

You have extremely sharp teeth.
Your natural rate of healing is unusually fast.
When hurt, damage is shared between your health and your magic reserves.
Your bite disrupts and absorbs the magic of your enemies.
Potions cannot restore your health.


Message History

The black bear bites you. The black bear barely misses you.
The black bear claws you.
You hit the black bear. Your bite misses the black bear.
The black bear is severely wounded.
The black bear closely misses you. The black bear barely misses you.
The black bear claws you but does no damage.
You hit the black bear. Your bite misses the black bear.
The black bear is almost dead.
The black bear goes berserk!
You hit the black bear.
You bite the black bear, but do no damage.
The black bear is almost dead.
The black bear bites you but does no damage.
The black bear claws you but does no damage.
The black bear claws you.
You closely miss the black bear.
You bite the black bear, but do no damage.
The black bear is almost dead.
The black bear bites you but does no damage.
The black bear claws you.
The black bear claws you but does no damage.
You hit the black bear. Your bite misses the black bear.
The black bear is almost dead.
The black bear bites you! The black bear claws you. x2
The black bear bites you. The black bear barely misses you.
The black bear claws you.
You hit the black bear.
You bite the black bear, but do no damage.
The black bear is almost dead.
The black bear misses you. The black bear claws you.
* * * LOW HITPOINT WARNING * * *
The black bear barely misses you.
You hit the black bear.
The black bear is almost dead.
The black bear bites you!
* * * LOW HITPOINT WARNING * * *
The black bear claws you.
* * * LOW HITPOINT WARNING * * *
The black bear claws you.
You die...

###..######## #..#
#### #.# #... .).
#### ##.# #... ..#
##h# #### ##@.#
##...
#..############..##
#...............##
################# #
######


You could see a black bear (berserk).

Vanquished Creatures
  A black bear (D:5)
  An ogre (D:5)
  A scorpion (D:4)
  A hound (D:4)
  2 iguanas (D:4)
  An orc wizard (D:3)
  2 adders
  2 dart slugs
  9 orcs
  4 endoplasms
  3 giant cockroaches (D:1)
  6 goblins
  7 hobgoblins
  5 jackals
  4 kobolds
  3 quokkas
  8 ball pythons
  6 bats
  2 frilled lizards
  4 rats
72 creatures vanquished.

Vanquished Creatures (others)
  A plant (D:2)
1 creature vanquished.

Grand Total: 73 creatures vanquished

Notes
Turn   | Place    | Note
-------+----------+-------------------------------------------
     0 | D:1      | Leeroy the Vine Stalker Warper began the quest for the Orb.
     0 | D:1      | Reached XP level 1. HP: 11/11 MP: 4/4
    37 | D:1      | Reached skill level 2 in Long Blades
   107 | D:1      | Reached XP level 2. HP: 15/15 MP: 6/6
   367 | D:1      | Found a faded altar of an unknown god.
   489 | D:1      | Reached skill level 3 in Long Blades
   529 | D:1      | Reached XP level 3. HP: 18/18 MP: 7/7
  1061 | D:2      | Found a burning altar of Makhleb.
  2048 | D:3      | Gained mutation: Your natural rate of healing is unusually
                  | fast. [Vine Stalker growth]
  2048 | D:3      | Reached XP level 4. HP: 23/23 MP: 8/8
  2138 | D:4      | Noticed an ogre
  2285 | D:4      | Noticed a scorpion
  2294 | D:4      | Killed a scorpion
  2295 | D:4      | Reached XP level 5. HP: 17/26 MP: 5/9
  2397 | D:4      | Found a staircase to the Ecumenical Temple.
  2482 | D:3      | Learned a level 2 spell: Blink
  2486 | D:3      | Learned a level 3 spell: Vhi's Electric Charge
  2535 | Temple   | Entered the Ecumenical Temple
  2728 | Temple   | Became a worshipper of the Wu Jian Council
  2827 | D:4      | Found Memol's Assorted Antiques.
  2958 | D:4      | Reached XP level 6. HP: 30/32 MP: 10/10
  3202 | D:4      | Found Xonnippero's Neck Hole.
  3210 | D:4      | Bought a scarf of repulsion for 144 gold pieces
  3380 | D:5      | Entered Level 5 of the Dungeon
  3482 | D:5      | Reached skill level 4 in Long Blades
  3542 | D:5      | Found a white marble altar of Elyvilon.
  3542 | D:5      | Found an iron altar of Okawaru.
  3611 | D:5      | Noticed a black bear
  3623 | D:5      | Killed a black bear
  3624 | D:5      | Reached skill level 5 in Long Blades
  3624 | D:5      | Reached XP level 7. HP: 18/36 MP: 5/11
  3853 | D:5      | HP: 1/36 [black bear (1)]
  3853 | D:5      | Slain by a black bear

Illustrated notes

Levels and vault maps discovered:
D:1:      eino_arrival_druids_welcome, layout_basic,
          hellmonk_ecumenical_altar_inner_sanctum, minmay_misc_feat_rugged
D:2:      layout_basic, basic_altar, guppyfry_early_lair_pool
D:3:      layout_basic
D:4:      layout_rooms, minmay_temple_entry_large_hall, serial_shops,
          nicolae_shop_stone, nicolae_shop_sticking_my_neck_out
D:5:      layout_rooms, gammafunk_temple_overflow_wave
Temple:   nicolae_temple_bog_church

Skill      XL: |  1  2  3  4  5  6 |
---------------+-------------------+-----
Long Blades    | 2 3 5 |  5.0
Stealth        | 3 4 |  4.1
Fighting       | 2 3 |  3.2
Throwing       | |  0.8
Armour         | |  0.7
Dodging        | |  1.5
Spellcasting   | |  2.2
Translocations | |  3.0

Action                     |  1- 3 |  4- 6 |  7- 9 || total
---------------------------+-------+-------+-------++-------
  Melee: Falchion          |   122 |   113 |       ||   235
         Bite              |    31 |    32 |     4 ||    67
         Punch             |       |     3 |       ||     3
         Dagger            |       |       |    12 ||    12
  Throw: Dart              |       |     6 |       ||     6
         Boomerang         |       |     1 |       ||     1
   Cast: Blink             |       |     2 |       ||     2
Ability: Lunge             |       |     7 |       ||     7
    Use: Potion            |       |     1 |       ||     1
   Stab: Sleeping          |     1 |     3 |       ||     4
 Armour: Leather armour    |    35 |    10 |       ||    45
         Ring mail         |       |    27 |     9 ||    36
  Dodge: Dodged            |    79 |    67 |    10 ||   156

Table legend: (Time is in decaauts)
 A = Elapsed time spent in this place.
 B = Non-inter-level travel time spent in this place.
 C = Inter-level travel time spent in this place.
 D = Time resting spent in this place.
 E = Time spent auto-exploring this place.
 F = Levels seen in this place.
 G = Mean time per level.
                   A        B        C        D        E       F      G
               +--------+--------+--------+--------+--------+-----+--------+
         Total |   3893 |   3622 |    271 |    118 |   2738 |   6 |  648.8 |
       Dungeon |   3678 |   3461 |    217 |    118 |   2602 |   5 |  735.6 |
        Temple |    214 |    160 |     54 |      0 |    136 |   1 |  214.0 |
               +--------+--------+--------+--------+--------+-----+--------+

Top non-repeatable levels by time:
     D:3: 923 daAuts
     D:1: 900 daAuts
     D:4: 891 daAuts
     D:2: 562 daAuts
     D:5: 400 daAuts
  Temple: 214 daAuts
